 Dungeon Crawl Stone Soup version 0.22-a0-355-g201945f (webtiles) character file.

3640 Amnesiac the Placeless Elf (level 9, -1/51 HPs)
             Began as a Deep Elf Conjurer on Apr 17, 2018.
             Was an Elder of Sif Muna.
             Slain by an orc warrior
             ... wielding a +0 hand axe
              (15 damage)
             ... on level 7 of the Dungeon.
             The game lasted 00:10:21 (6767 turns).

Amnesiac the Placeless Elf (Deep Elf Conjurer)      Turns: 6767, Time: 00:10:22

Health: -1/51      AC:  5    Str:  5    XL:     9   Next: 88%
Magic:  0/24       EV: 14    Int: 24    God:    Sif Muna [****..]
Gold:   287        SH:  0    Dex: 17    Spells: 15/26 levels left

rFire    . . .     SeeInvis .   p - +0 dagger (drain)
rCold    . . .     Gourm    .   (no shield)
rNeg     . . .     Faith    .   a - +0 robe
rPois    +         Spirit   .   g - +0 helmet
rElec    .         Reflect  .   (no cloak)
rCorr    .         Harm     .   q - +0 pair of gloves
MR       .....                  E - +0 pair of boots
Stlth    +++.......             (no amulet)
HPRegen  0.17/turn              H - ring of poison resistance
MPRegen  0.19/turn              (no ring)

@: divine energy
A: thin skeletal structure 1, MP-powered wands
a: Stop Divine Energy, Channel Magic, Forget Spell, Renounce Religion


You were on level 7 of the Dungeon.
You worshipped Sif Muna.
Sif Muna was greatly pleased with you.
You were not hungry.

You visited 2 branches of the dungeon, and saw 9 of its levels.
You also visited: Ossuary.

You collected 287 gold pieces.

Inventory:

Hand Weapons
 p - a +0 dagger of draining (weapon)
 A - a +0 quarterstaff
Armour
 a - a +0 robe (worn)
 g - a +0 helmet (worn)
 q - a +0 pair of gloves (worn)
 E - a +0 pair of boots (worn)
Jewellery
 H - a ring of poison resistance (left hand)
Wands
 C - a wand of paralysis (17)
Scrolls
 b - 3 scrolls of magic mapping {!r, unknown}
 f - a scroll of fear {!r, unknown}
 i - 11 scrolls of identify {!r, unknown}
 l - 3 scrolls of fog {!r, unknown}
 m - a scroll of noise {!r, unknown}
 o - 3 scrolls of remove curse {!r, unknown}
 r - 2 scrolls of immolation {!r, unknown}
 s - 6 scrolls of amnesia {!r, unknown}
 v - 4 scrolls of teleportation {!r, unknown}
 y - a scroll of blinking {!r, unknown}
Potions
 d - 8 potions of curing {!q, unknown}
 e - 2 potions of mutation {!q}
 h - a potion of lignification {!q, unknown}
 j - a potion of invisibility {!q}
 k - a potion of might {!q, unknown}
 n - 2 potions of cancellation {!q}
 t - 2 potions of heal wounds {!q, unknown}
 u - 2 potions of brilliance {!q, unknown}
 w - 2 potions of agility {!q, unknown}
 x - 2 potions of haste {!q, unknown}
 z - a potion of berserk rage {!q, unknown}
 B - a potion of resistance {!q, unknown}
 D - 2 potions of ambrosia {!q, unknown}
 F - 2 potions of magic {!q, unknown}
Comestibles
 c - 7 rations


   Skills:
 - Level 3.6 Fighting
 - Level 3.6 Dodging
 - Level 2.4 Stealth
 + Level 9.3 Spellcasting
 + Level 8.8 Conjurations
 + Level 9.8 Translocations


You had 15 spell levels left.
You knew the following spells:

 Your Spells              Type           Power        Failure   Level  Hunger
a - Iskenderun's Mystic   Conj           ######..     1%          4    ##.....
c - Magic Dart            Conj           ####         1%          1    None
d - Force Lance           Conj/Tloc      ######..     1%          4    ##.....
e - Searing Ray           Conj           ######       1%          2    None


Dungeon Overview and Level Annotations

Branches:
Dungeon (8/15)             Temple (1/1) D:4
   Lair: D:8-11

Altars:
Ashenzari
Dithmenos
Elyvilon
Gozag
Hepliaklqana
Kikubaaqudgha
Okawaru
Ru
Sif Muna
Vehumet
Zin
The Shining One


Innate Abilities, Weirdness & Mutations

You have a somewhat thin skeletal structure. (Dex +2, Stealth)
You expend magic power (3 MP) to strengthen your wands.


Message History

Found 14 gold pieces.
You're too confused to cast spells.
You feel less confused. The quokka bites you. The iguana bites you!
The orc wizard gestures at you while chanting.
You easily resist.
The quokka barely misses you.
Casting: Iskenderun's Mystic Blast (safe; 1% risk of failure)
Confirm with . or Enter, or press ? or * to list all spells.
Aiming: Iskenderun's Mystic Blast (safe; 1% risk of failure)
Press: ? - help, Shift-Dir - straight line, f/p - orc wizard
Aim: an orc wizard, wielding a dagger and wearing a robe (heavily wounded)
The orb of energy hits the orc wizard.
You kill the orc wizard!
Sif Muna accepts your kill.
The iguana hisses menacingly.
The iguana bites you!
* * * LOW HITPOINT WARNING * * *
The quokka barely misses you.
Casting: Iskenderun's Mystic Blast (safe; 1% risk of failure)
Confirm with . or Enter, or press ? or * to list all spells.
Aiming: Iskenderun's Mystic Blast (safe; 1% risk of failure)
Press: ? - help, Shift-Dir - straight line, f - quokka
Aim: a quokka The orb of energy hits the quokka.
You kill the quokka!
Sif Muna accepts your kill.
The orb of energy explodes!
The mystic blast hits the iguana.
The iguana is moderately wounded.
You hear a bellow!
The iguana barely misses you.
Casting: Iskenderun's Mystic Blast (safe; 1% risk of failure)
Confirm with . or Enter, or press ? or * to list all spells.
Aiming: Iskenderun's Mystic Blast (safe; 1% risk of failure)
Press: ? - help, Shift-Dir - straight line, f - iguana
Aim: an iguana (moderately wounded)
The orb of energy hits the iguana.
The iguana is almost dead.
The orb of energy explodes!
The mystic blast hits the orc warrior.
The orc warrior is heavily wounded.
You hear a shout!
The iguana bites you.
* * * LOW HITPOINT WARNING * * *
The iguana bites you.
* * * LOW HITPOINT WARNING * * *
An orc comes into view.
Casting: Iskenderun's Mystic Blast (safe; 1% risk of failure)
Confirm with . or Enter, or press ? or * to list all spells.
Aiming: Iskenderun's Mystic Blast (safe; 1% risk of failure)
Press: ? - help, Shift-Dir - straight line, f/p - iguana
Aim: an iguana (severely wounded)
The orb of energy hits the iguana.
You kill the iguana!
Sif Muna accepts your kill.
Unknown command.
Casting: Iskenderun's Mystic Blast (safe; 1% risk of failure)
Confirm with . or Enter, or press ? or * to list all spells.
Aiming: Iskenderun's Mystic Blast (safe; 1% risk of failure)
Press: ? - help, Shift-Dir - straight line, f - orc warrior
Aim: an orc warrior, wielding a hand axe and wearing a chain mail (heavily wounded)
The orb of energy hits the orc warrior.
The orc warrior is severely wounded.
The orb of energy explodes!
The orc warrior hits you with a hand axe!
You die...

#.......!....#.......
#..............#
#..............######..
#...........o#.........
#####...........######.
#......$.†.).##..#####
#.......÷............#
#.....!###...........#
#....$@+ +...#....)..#
#####.o###..##.......#
#..†...###.......#
#...!?.# ##......#
######## ########


You could see an orc warrior.

Vanquished Creatures
  A two-headed ogre (D:8)
  The ghost of VDreamerV the Changer, an amateur FoTm (D:4)
  A yak (D:8)
  A hungry ghost (D:8)
  Menkaure (Ossuary)
  Edmund (D:6)
  3 orc warriors (D:8)
  2 ice beasts
  A sky beast (D:6)
  A black bear (D:6)
  A necrophage (D:8)
  An ogre (D:7)
  A phantom (D:4)
  3 centaurs
  3 bullfrogs
  2 scorpions
  A water moccasin skeleton (D:6)
  3 crimson imps (D:5)
  A quasit (D:8)
  A hound (D:7)
  2 bullfrog skeletons
  An iguana (D:7)
  Natasha (twice) (D:2)
  2 orc wizards
  6 worker ants
  A killer bee zombie (D:6)
  2 hound skeletons
  3 mummies (Ossuary)
  Robin (D:2)
  10 gnolls
  10 adders
  2 shadow imps
  An adder zombie (D:6)
  3 worms
  2 dart slugs (D:4)
  5 leopard geckos
  31 orcs
  4 giant cockroaches
  4 gnoll zombies (Ossuary)
  14 goblins
  7 hobgoblins
  7 jackals
  8 kobolds
  3 quokkas
  4 ball pythons
  5 bats
  A frilled lizard (D:2)
  2 gnoll skeletons (Ossuary)
  4 goblin skeletons (Ossuary)
  4 goblin zombies (Ossuary)
  3 hobgoblin skeletons (Ossuary)
  A hobgoblin zombie (Ossuary)
  2 kobold skeletons (Ossuary)
  3 kobold zombies (Ossuary)
  2 orc skeletons (Ossuary)
  3 orc zombies (Ossuary)
  7 rats
  2 rat skeletons (Ossuary)
  4 rat zombies (Ossuary)
208 creatures vanquished.

Vanquished Creatures (others)
  A gnoll skeleton (Ossuary)
  A goblin skeleton (Ossuary)
  A goblin zombie (Ossuary)
  3 hobgoblin skeletons (Ossuary)
  A hobgoblin zombie (Ossuary)
  3 kobold skeletons (Ossuary)
  A kobold zombie (Ossuary)
  An orc skeleton (Ossuary)
  An orc zombie (Ossuary)
  A rat skeleton (Ossuary)
  2 rat zombies (Ossuary)
16 creatures vanquished.

Grand Total: 224 creatures vanquished

Notes
Turn   | Place    | Note
-------+----------+-------------------------------------------
     0 | D:1      | Amnesiac the Deep Elf Conjurer began the quest for the Orb.
     0 | D:1      | Reached XP level 1. HP: 10/10 MP: 6/6
   156 | D:1      | Reached skill level 1 in Fighting
   156 | D:1      | Reached XP level 2. HP: 16/16 MP: 2/8
   164 | D:1      | Learned a level 2 spell: Searing Ray
   857 | D:2      | Reached XP level 3. HP: 21/21 MP: 7/9
   865 | D:2      | Noticed Natasha
   872 | D:2      | Killed Natasha
   962 | D:2      | Found an iron altar of Okawaru.
  1157 | D:2      | Reached skill level 5 in Conjurations
  1231 | D:2      | Found a faded altar of an unknown god.
  1275 | D:2      | Noticed Robin
  1291 | D:2      | Reached XP level 4. HP: 19/27 MP: 3/10
  1311 | D:2      | Killed Robin
  1415 | D:2      | Found a sacrificial altar of Ru.
  1649 | D:2      | Noticed Natasha
  1652 | D:2      | Killed Natasha
  2011 | D:3      | Reached XP level 5. HP: 32/32 MP: 10/12
  2017 | D:3      | Learned a level 4 spell: Iskenderun's Mystic Blast
  2044 | D:3      | Found an opulent altar of Gozag.
  2991 | D:4      | Reached XP level 6. HP: 24/37 MP: 0/14
  2995 | D:4      | Found a staircase to the Ecumenical Temple.
  3049 | Temple   | Entered the Ecumenical Temple
  3106 | Temple   | Became a worshipper of Sif Muna the Loreminder
  3264 | D:4      | Reached skill level 5 in Spellcasting
  3335 | D:4      | Noticed VDreamerV's ghost (amateur FoTm)
  3446 | D:4      | Killed VDreamerV's ghost
  3446 | D:4      | Reached XP level 7. HP: 16/41 MP: 1/18
  3771 | D:5      | Entered Level 5 of the Dungeon
  3983 | D:5      | Reached * piety under Sif Muna
  4353 | D:5      | Reached XP level 8. HP: 47/47 MP: 0/20
  4420 | D:5      | Gained mutation: You expend magic power (3 MP) to strengthen your wands. [potion of mutation]
  4420 | D:5      | Gained mutation: You have a somewhat thin skeletal structure. (Dex +2, Stealth) [potion of mutation]
  4708 | D:6      | Learned a level 4 spell: Force Lance
  4746 | D:6      | Noticed Edmund
  4753 | D:6      | Killed Edmund
  4806 | D:6      | Reached skill level 1 in Translocations
  4996 | D:6      | Reached ** piety under Sif Muna
  5237 | D:6      | Found a shattered altar of Ashenzari.
  5410 | D:7      | Reached skill level 5 in Translocations
  5470 | D:8      | Reached XP level 9. HP: 21/51 MP: 0/23
  5657 | D:8      | Noticed a two-headed ogre
  5674 | D:8      | Killed a two-headed ogre
  5674 | D:8      | Reached *** piety under Sif Muna
  5974 | D:8      | Found a sand-covered staircase.
  5978 | Ossuary  | Entered an ossuary
  6241 | Ossuary  | Noticed Menkaure
  6242 | Ossuary  | Killed Menkaure
  6279 | Ossuary  | Reached **** piety under Sif Muna
  6767 | D:7      | Slain by an orc warrior

Vault maps used:
D:1:      scummos_arrival_checkerplants
D:2:      nicolae_ru_sacrificial_ziggurat, chequers_ecumenical_altar_lobes,
          first_ration, grunt_ministairs_2, okawaru_metal_pillars_1_2,
          uniq_natasha, uniq_robin
D:3:      grunt_gozag_statues
D:4:      temple_fountains
D:6:      lemuel_doored_altar, uniq_edmund
D:7:      kennysheep_mini_moat, chequers_temple_overflow_minitemple,
          grunt_ministairs_2
D:8:      special_room, nicolae_ossuary_entry_plus
Temple:   hc_temple_tempest_star
Ossuary:  ossuary_due_pyramid

Skill      XL: |  1  2  3  4  5  6  7  8  9 |
---------------+----------------------------+-----
Fighting       | 1 2 3 |  3.6
Conjurations   | 5 6 7 8 |  8.8
Dodging        | 3 |  3.6
Spellcasting   | 4 6 7 8 9 |  9.3
Translocations | 6 9 |  9.8
Stealth        | |  2.4

Action                   |  1- 3 |  4- 6 |  7- 9 || total
-------------------------+-------+-------+-------++-------
Melee: Unarmed           |     1 |       |       ||     1
       Dagger            |       |    10 |    64 ||    74
 Cast: Magic Dart        |    73 |   139 |     2 ||   214
       Searing Ray       |       |     6 |     5 ||    11
       Iskenderun's Myst |       |       |   172 ||   172
Invok: Divine Energy     |       |       |     1 ||     1
  Use: Potion            |       |       |     3 ||     3
 Stab: Sleeping          |       |       |     1 ||     1
  Eat: Chunk             |     1 |     6 |    17 ||    24
       Ration            |       |       |     1 ||     1
Armor: Robe              |       |     2 |    27 ||    29
Dodge: Dodged            |     9 |    23 |   100 ||   132

Table legend:
 A = Spawn XP
 B = Non-spawn XP
 C = Spawn XP percentage of total XP
 D = Spawn monster count
 E = Non-spawn monster count
 F = Spawn count percentage of total count
 G = Total turns spent on level
                    A         B        C        D         E        F      G
               +---------+---------+-------+---------+---------+-------+---------
         Total |       0 |    5201 |   0.0 |       0 |     201 |   0.0 |  6767
               +---------+---------+-------+---------+---------+-------+---------
           D:1 |       0 |      40 |   0.0 |       0 |      23 |   0.0 |   855
           D:2 |       0 |     155 |   0.0 |       0 |      24 |   0.0 |  1155
           D:3 |       0 |     104 |   0.0 |       0 |      28 |   0.0 |   856
           D:4 |       0 |     589 |   0.0 |       0 |      16 |   0.0 |   838
           D:5 |       0 |     734 |   0.0 |       0 |      23 |   0.0 |   931
           D:6 |       0 |     657 |   0.0 |       0 |      12 |   0.0 |   866
           D:7 |       0 |     398 |   0.0 |       0 |      11 |   0.0 |    83
           D:8 |       0 |    2392 |   0.0 |       0 |      33 |   0.0 |   760
       Ossuary |       0 |     132 |   0.0 |       0 |      31 |   0.0 |   356
               +---------+---------+-------+---------+---------+-------+---------
